 Dungeon Crawl Stone Soup version 0.27-a0-1591-gc56fcc985a (webtiles) character file.

Game seed: 6772822551265190277

89 Dittersdorf the Skirmisher (level 4, -7/29 HPs)
             Began as a Gargoyle Fighter on July 19, 2021.
             Mangled by a gnoll (8 damage)
             ... on level 3 of the Dungeon.
             The game lasted 00:02:03 (2456 turns).

Dittersdorf the Skirmisher (Gargoyle Fighter)       Turns: 2456, Time: 00:02:03

Health: -7/29      AC: 10    Str: 21    XL:     4   Next: 55%
Magic:  4/4        EV:  7    Int: 14    God:
Gold:   65         SH:  9    Dex:  9    Spells: 3/3 levels left

rFire    . . .     SeeInvis .   a - +0 flail
rCold    . . .     Faith    .   c - +0 kite shield
rNeg     + . .     Spirit   .   b - +0 scale mail
rPois    ∞         Reflect  .   (no helmet)
rElec    +         Harm     .   (no cloak)
rCorr    .         Rampage  .   (no gloves)
Will     .....                  (no boots)
Stlth    ..........             (no amulet)
HPRegen  0.09/turn              g - +6 ring of intelligence
MPRegen  0.09/turn              (no ring)

@: no status effects
A: sickness immunity, AC +3, negative energy resistance 1, electricity
resistance, torment resistance 1, petrification resistance
a: no special abilities


You were on level 3 of the Dungeon.
You visited 1 branch of the dungeon, and saw 3 of its levels.

You collected 65 gold pieces.

Inventory:

Hand Weapons
 a - a +0 flail (weapon)
Armour
 b - a +0 scale mail (worn)
 c - a +0 kite shield (worn)
Jewellery
 g - a +6 ring of intelligence (left hand)
Scrolls
 e - a scroll of identify {unknown}
 f - a scroll of magic mapping {unknown}
Potions
 d - a potion of might
 h - a potion of haste {unknown}
 i - a potion of curing {unknown}


   Skills:
 + Level 4.0 Fighting
 + Level 2.9 Maces & Flails
 + Level 4.0 Armour
 + Level 4.0 Shields


You had 3 spell levels left.
You didn't know any spells.
Your spell library was empty.

Dungeon Overview and Level Annotations

Branches:
Dungeon (3/15)

Altars:

Shops:
D:1 (   D:2 !


Innate Abilities, Weirdness & Mutations

You are immune to sickness and miasma.
Your stone body is resilient. (AC +3)
You are immune to poison.
You resist negative energy. (rN+)
You are resistant to electric shocks. (rElec)
You are resistant to unholy torment.
You are immune to petrification.


Message History

You closely miss the gnoll. The gnoll hits you with a +0 halberd.
You hit the gnoll.
The gnoll is lightly wounded.
The gnoll hits you with a +0 halberd! The gnoll hits you but does no damage.
You barely miss the gnoll.
The gnoll is lightly wounded.
You block the gnoll's attack. x2; The gnoll barely misses you.
Your scale mail prevents you from hitting the gnoll.
The gnoll is lightly wounded.
The gnoll hits you with a +0 halberd. You block the gnoll's attack.
The gnoll closely misses you.
You barely miss the gnoll.
The gnoll is lightly wounded.
The gnoll hits you from afar with a +0 halberd!
You block the gnoll's attack. The gnoll closely misses you.
You are too injured to fight recklessly!
You are too injured to fight recklessly!
You are too injured to fight recklessly!
You are too injured to fight recklessly!
You are too injured to fight recklessly!
You are too injured to fight recklessly!
You are too injured to fight recklessly!
You are too injured to fight recklessly!
You are too injured to fight recklessly!
You are too injured to fight recklessly!
You are too injured to fight recklessly!
You are too injured to fight recklessly!
You are too injured to fight recklessly!
You are too injured to fight recklessly!
You are too injured to fight recklessly!
You are too injured to fight recklessly!
You block the gnoll's attack.
The gnoll hits you from afar with a +0 halberd.
* * * LOW HITPOINT WARNING * * *
The gnoll hits you from afar with a +0 halberd.
* * * LOW HITPOINT WARNING * * *
There is a stone staircase leading up here.
You block the gnoll's attack.
The gnoll hits you from afar with a +0 halberd!
You die...

#...# #.........# #.
#.#.# ####.........# #.
#.#####.)####.########.#
#.....#.....[.#.........
#####.#....##.#.##### ..
#####.#....##.#...(#..#.
#.....#g...##.####)#..#)
#.#####....#.......##...
#.#....@.g...####..####.
#...........######..##..
###.....................
#..................#.#
##.###..#.............
#.#...##..........#.#
#.#.#.##.............
#.#.#........).......
#.#.#..########.#####


You could see 2 gnolls.

Vanquished Creatures
  2 gnolls
  2 adders (D:2)
  3 orcs (D:3)
  3 ball pythons
  6 endoplasms (D:1)
  2 giant cockroaches
  4 goblins
  4 hobgoblins
  8 jackals (D:1)
  2 bats (D:2)
  4 frilled lizards
  3 kobolds
  A rat (D:1)
44 creatures vanquished.

Vanquished Creatures (others)
  2 plants (D:1)
2 creatures vanquished.

Grand Total: 46 creatures vanquished

Notes
Turn   | Place    | Note
-------+----------+-------------------------------------------
     0 | D:1      | Dittersdorf the Gargoyle Fighter began the quest for the
                  | Orb.
     0 | D:1      | Reached XP level 1. HP: 14/14 MP: 1/1
    72 | D:1      | Found Kiemorr's Antique Weapon Emporium.
   163 | D:1      | Reached XP level 2. HP: 19/19 MP: 2/2
   226 | D:1      | Found a faded altar of an unknown god.
   700 | D:1      | Reached XP level 3. HP: 21/24 MP: 3/3
  1033 | D:2      | Found Lisch's Distillery.
  1646 | D:2      | Reached XP level 4. HP: 24/29 MP: 4/4
  2455 | D:3      | HP: 1/29 [gnoll (5)]
  2456 | D:3      | Mangled by a gnoll

Illustrated notes

Levels and vault maps discovered:
D:1:      onia_arrival_mini_maze_b, layout_loops_ring,
          ebering_ecumenical_altar_mist, serial_shops,
          nicolae_shop_overgrown_old_shop
D:2:      layout_loops_cross, serial_shops, shop_statue
D:3:      layout_rooms, serial_co_window_serial, co_window_cross_1,
          co_window_of_opportunity_a, co_window_paths_a, co_window_paths_a,
          co_window_paths_b, co_window_corner_a, co_window_cross_1,
          co_window_of_opportunity_a, co_window_paths_a,
          co_window_unsneaky_path_c, co_window_of_opportunity_b,
          co_window_2corner, co_window_broadway_b, co_window_paths_c,
          co_window_of_opportunity_b, co_window_of_opportunity_b,
          co_window_paths_e, glass_columns_a, glass_columns_c,
          minmay_misc_feat_rows

Skill      XL: |  1  2  3  4 |
---------------+-------------+-----
Fighting       | 4 |  4.0
Armour         | 4 |  4.0
Shields        | 4 |  4.0
Maces & Flails | |  2.9

Action                   |  1- 3 |  4- 6 || total
-------------------------+-------+-------++-------
Melee: Flail             |   113 |    30 ||   143
Armor: Scale mail        |    67 |    19 ||    86
Dodge: Dodged            |    29 |    19 ||    48
Block: Kite shield       |    60 |    18 ||    78

Table legend: (Time is in decaauts)
 A = Elapsed time spent in this place.
 B = Non-inter-level travel time spent in this place.
 C = Inter-level travel time spent in this place.
 D = Time resting spent in this place.
 E = Time spent auto-exploring this place.
 F = Levels seen in this place.
 G = Mean time per level.
                   A        B        C        D        E       F      G
               +--------+--------+--------+--------+--------+-----+--------+
         Total |   2534 |   2498 |     36 |    519 |   1543 |   3 |  844.7 |
       Dungeon |   2534 |   2498 |     36 |    519 |   1543 |   3 |  844.7 |
               +--------+--------+--------+--------+--------+-----+--------+

Top non-repeatable levels by time:
     D:2: 1220 daAuts
     D:1: 1036 daAuts
     D:3: 277 daAuts
